 Dungeon Crawl Stone Soup version 0.31-a0-1447-g87ca8d402b (webtiles) character file.

Game seed: 2190611430687543300

9385 Laraso the Bludgeoner (level 11, -3/101 HPs)
             Began as an Oni Cinder Acolyte on Dec 27, 2023.
             Was a High Priest of Ignis.
             Killed from afar by Lodul (35 damage)
             ... with a bolt of lightning
             ... on level 11 of the Dungeon.
             The game lasted 00:15:13 (12955 turns).

Laraso the Bludgeoner (Oni Cinder Acolyte)         Turns: 12955, Time: 00:15:13

Health: -3/101     AC:  6    Str: 20    XL:     11   Next: 45%
Magic:  15/15      EV: 14    Int: 19    God:    Ignis [*****.]
Gold:   468        SH:  5    Dex:  4    Spells: 14/16 levels left

rFire   + . .        a - +3 flail (holy)
rCold   . . .        (no shield)
rNeg    . . .        m - +0 robe
rPois   .            (helmet restricted)
rElec   .            i - +2 cloak
rCorr   .            (gloves unavailable)
SInv    .            (boots unavailable)
Will    +....        z - amulet of reflection
Stlth   +            x - +5 ring of evasion
HPRegen 0.36/turn    (no ring)
MPRegen 0.14/turn

%: reflection
@: no status effects
A: large, unfitting armour, horns 1, tough skin 1, double potion healing,
drunken brawling
a: Renounce Religion, Fiery Armour, Foxfire Swarm, Rising Flame


You were on level 11 of the Dungeon.
You worshipped Ignis.
Ignis was extremely pleased with you.
You visited 1 branch of the dungeon, and saw 11 of its levels.

You collected 640 gold pieces.
You spent 172 gold pieces at shops.

Inventory:

Hand Weapons
 a - a +3 flail of holy wrath (weapon)
 b - a +0 giant spiked club
Armour
 i - a +2 cloak (worn)
 m - a +0 robe (worn)
Jewellery
 x - a +5 ring of evasion (left hand)
 z - an amulet of reflection (around neck)
Wands
 l - a wand of acid (1)
 v - a wand of roots (9)
 w - a wand of flame (14)
 y - a wand of mindburst (8)
Scrolls
 c - a scroll of poison
 n - 4 scrolls of teleportation
 o - a scroll of fear {unknown}
 p - 2 scrolls of immolation
 q - a scroll of fog {unknown}
 r - a scroll of enchant armour {unknown}
 t - 2 scrolls of butterflies
 u - a scroll of vulnerability {unknown}
 A - a scroll of amnesia {unknown}
Potions
 d - a potion of curing
 e - 6 potions of attraction
 f - 2 potions of might
 g - a potion of lignification {unknown}
 h - a potion of berserk rage
 j - a potion of ambrosia
 s - 3 potions of mutation {unknown}


   Skills:
 - Level 4.3 Fighting
 * Level 17.1 Maces & Flails
 - Level 3.0 Spellcasting
 - Level 3.0 Fire Magic


You had 14 spell levels left.
You knew the following spells:

 Your Spells              Type           Power      Damage    Failure   Level
a - Scorch                Fire           28%        2d6       7%          2

Your spell library contained the following spells:

 Spells                   Type           Power      Damage    Failure   Level
 Kiss of Death            Conj/Necr      8%         2d6       16%         1
 Necrotise                Necr           8%         1d4       16%         1
 Confusing Touch          Hex            2%         N/A       41%         3
 Dispel Undead            Necr           2%         3d7       83%         4


Dungeon Overview and Level Annotations

Branches:
Dungeon (11/15)            Temple (0/1) D:6            Lair (0/5) D:9
    Orc (0/2) D:9

Altars:
Cheibriados
Fedhas
Gozag
Kikubaaqudgha
Ru
Sif Muna
Uskayaw
Vehumet
Zin

Shops:
D:6 [   D:8 !   D:9 [

Annotations:
D:10 4 transporters
D:11 Lodul


Innate Abilities, Weirdness & Mutations

You are too large for most types of armour.
You have a pair of small horns on your head.
You have tough skin. (AC +1)
You gain doubled healing and magic from potions.
Whenever you drink a healing potion, you attack all around you.


Message History

You sock the troll! Your headbutt misses the troll.
The troll is moderately wounded.
The troll misses you. The troll claws you! The troll claws you.
You hit the troll.
The troll is heavily wounded.
You sock the troll!
The troll is severely wounded.
An ogre comes into view. It is wielding a +0 giant spiked club.
The troll closely misses you. The troll claws you but does no damage.
The troll claws you.
You thump the troll!
The troll is almost dead.
The troll bites you! The troll misses you. The troll claws you.
* * * LOW HITPOINT WARNING * * *
You closely miss the troll.
The troll is almost dead.
Okay, then.
Aiming: Corrosive Bolt
Press: ? - help, Shift-Dir - straight line, f - troll
Aim: a troll (almost dead, 71% to hit)
The bolt of acid hits the troll!
The acid corrodes the troll!
You kill the troll!
The bolt of acid hits the ogre!
The acid corrodes the ogre!
The ogre is heavily wounded.
The bolt of acid hits the ogre!
The acid corrodes the ogre!
The ogre is heavily wounded.
Unknown command.
Aiming: Corrosive Bolt
Press: ? - help, Shift-Dir - straight line, f - ogre
Aim: an ogre, wielding a +0 giant spiked club (heavily wounded, covered in acid, 86% to hit)
The bolt of acid hits the ogre!!
You kill the ogre!
The bolt of acid hits the ogre!
The ogre seems to be corroded for longer.
You kill the ogre!
Unknown command.
An ogre comes into view. It is wielding a +0 giant club.
Electricity crackles from Lodul's apparatus.
The bolt of lightning hits you!!
You die...

...OT.$........ #.)......
#)####### #O# #.# #O# #.# #.#
################@################
..)..................(...........
.))......(.......................
#############.................###
# #..#############..# # #..# #..#
#############..#############..###
.................................
.................................


You could see Lodul and an ogre.

Vanquished Creatures
  Sonja (D:10)
  2 manticores
  2 trolls
  Prince Ribbit (D:6)
  2 shadows
  A wraith (D:10)
  5 wyverns
  9 yaks
  Menkaure (D:5)
  Edmund (D:6)
  3 water moccasins
  An acid dragon (D:10)
  5 orc warriors
  3 ice beasts
  2 sky beasts
  2 black bears
  6 ogres
  5 centaurs
  4 phantoms
  4 bullfrogs
  A kobold brigand (D:6)
  A scorpion (D:6)
  4 wights (D:9)
  11 killer bees
  3 jellies
  8 orc priests
  A bombardier beetle (D:7)
  2 hounds
  4 sleepcaps
  Terence (D:2)
  13 orc wizards
  A gnoll (D:1)
  8 adders
  A white imp (D:8)
  4 dart slugs
  40 orcs
  9 ball pythons
  3 endoplasms
  4 giant cockroaches
  5 goblins
  3 hobgoblins
  3 jackals (D:3)
  4 quokkas
  6 bats
  5 frilled lizards
  17 kobolds
  5 rats
227 creatures vanquished.

Notes
Turn   | Place    | Note
-------+----------+-------------------------------------------
     0 | D:1      | Laraso the Oni Cinder Acolyte began the quest for the Orb.
     0 | D:1      | Reached XP level 1. HP: 24/24 MP: 2/2
   183 | D:1      | Reached XP level 2. HP: 29/32 MP: 2/4
   231 | D:1      | Learned a level 2 spell: Scorch
  1018 | D:1      | Reached XP level 3. HP: 38/40 MP: 5/5
  1478 | D:2      | Noticed Terence
  1487 | D:2      | Killed Terence
  1488 | D:2      | Reached XP level 4. HP: 19/45 MP: 0/7
  1649 | D:2      | Identified the +7 trident of Amorality {flame, rN+ Dex-4
                  | Stlth+}
  1744 | D:1      | Reached skill level 4 in Maces & Flails
  2166 | D:3      | Reached XP level 5. HP: 52/55 MP: 9/9
  2507 | D:3      | Found a faded altar of an unknown god.
  2781 | D:3      | Found a radiant altar of Vehumet.
  2793 | D:3      | Found an ancient bone altar of Kikubaaqudgha.
  2794 | D:3      | Found a shimmering blue altar of Sif Muna.
  2800 | D:3      | Got Kikubaaqudgha's Monograph on Shades
  3023 | D:4      | Reached skill level 5 in Maces & Flails
  3105 | D:4      | Noticed a phantom
  3112 | D:4      | Reached XP level 6. HP: 57/63 MP: 10/10
  3116 | D:4      | Reached skill level 6 in Maces & Flails
  3667 | D:5      | Entered Level 5 of the Dungeon
  3667 | D:5      | Noticed Menkaure
  3692 | D:5      | Killed Menkaure
  3693 | D:5      | Reached skill level 7 in Maces & Flails
  3693 | D:5      | Reached XP level 7. HP: 71/71 MP: 2/11
  3938 | D:5      | Found a hide-covered altar of Uskayaw.
  3999 | D:5      | Reached skill level 8 in Maces & Flails
  4086 | D:5      | Reached XP level 8. HP: 43/79 MP: 12/12
  4591 | D:6      | Reached skill level 9 in Maces & Flails
  4594 | D:6      | HP: 3/79 [something (6)]
  4803 | D:6      | Found a sacrificial altar of Ru.
  4823 | D:6      | Found Fatse's Antique Armour Boutique.
  4824 | D:6      | Noticed a manticore
  4834 | D:6      | Killed a manticore
  4835 | D:6      | Reached skill level 10 in Maces & Flails
  4991 | D:6      | Bought a runed cloak for 172 gold pieces
  5007 | D:6      | Noticed Edmund
  5013 | D:6      | Killed Edmund
  5197 | D:6      | Reached skill level 11 in Maces & Flails
  5197 | D:6      | Reached XP level 9. HP: 75/85 MP: 13/13
  5430 | D:6      | Found a staircase to the Ecumenical Temple.
  5865 | D:6      | Found an opulent altar of Gozag.
  5993 | D:6      | Noticed Prince Ribbit
  6004 | D:6      | Killed Prince Ribbit
  6005 | D:6      | Reached skill level 12 in Maces & Flails
  7090 | D:7      | Reached skill level 13 in Maces & Flails
  8069 | D:8      | Found Miqyruari's Distillery.
  8260 | D:8      | Reached XP level 10. HP: 69/94 MP: 14/14
  8592 | D:8      | Found a blossoming altar of Fedhas.
  8775 | D:8      | Found a snail-covered altar of Cheibriados.
  9005 | D:8      | Reached skill level 14 in Maces & Flails
  9777 | D:9      | Found a staircase to the Lair.
 10087 | D:9      | Reached skill level 15 in Maces & Flails
 10569 | D:9      | Found Ygikir's Antique Armour Shop.
 10615 | D:9      | Found a staircase to the Orcish Mines.
 10924 | D:9      | Noticed a death yak
 10960 | D:10     | Entered Level 10 of the Dungeon
 11133 | D:10     | Noticed Sonja
 11136 | D:10     | Killed Sonja
 11137 | D:10     | Reached skill level 16 in Maces & Flails
 11137 | D:10     | Reached XP level 11. HP: 89/101 MP: 15/15
 11286 | D:10     | Found a transporter.
 11288 | D:10     | Found a transporter.
 11290 | D:10     | Found a transporter.
 11577 | D:10     | Found a glowing silver altar of Zin.
 11713 | D:10     | Found a transporter.
 12258 | D:10     | Identified the +0 cloak of Waetty {rElec rC+}
 12635 | D:11     | Noticed a manticore
 12646 | D:11     | Killed a manticore
 12930 | D:11     | Noticed Lodul
 12942 | D:11     | Reached skill level 17 in Maces & Flails
 12955 | D:11     | Killed from afar by Lodul

Illustrated notes

Levels and vault maps discovered:
D:1:      psy_arrival_terrarium, layout_basic, amethyst_killhole
D:2:      layout_rooms, st_stairs_1, uniq_terence
D:3:      layout_basic, grunt_temple_overflow_magic_moments,
          basic_ecumenical_altar
D:4:      layout_gridville, chequers_serial_rivers_marsh,
          dreamdust_princess_corridor
D:5:      layout_cave_pools, nicolae_overflow_crystal_walls,
          small_statue_intersection, minmay_misc_feat_x, uniq_menkaure
D:6:      layout_basic, mainiacjoe_overflow_boulevard,
          nicolae_gozag_cash_rules_everything_around_me, temple_pool_b,
          serial_shops, nicolae_shop_tiny_statue_garden, abandoned_shop,
          uniq_prince_ribbit1, uniq_edmund
D:7:      layout_layer_cave
D:8:      layout_basic, mainiacjoe_overflow_two_lobes, serial_shops,
          nicolae_shop_temple_entry_statues_fountains, mrwooster_statue_mirror
D:9:      argonaut_augean_stables, layout_long_grid, lair_entry_dummy,
          serial_shops, shop
D:10:     kennysheep_spiral_hall, layout_loops_ring, zin_statuary,
          minmay_misc_feat_rows, nicolae_diode_quadrants, uniq_sonja
D:11:     layout_long_grid, uniq_harold, uniq_lodul, uniq_josephine

Skill      XL: |  1  2  3  4  5  6  7  8  9 10 11 |
---------------+----------------------------------+-----
Fire Magic     | 3 |  3.0
Spellcasting   | 2 3 |  3.0
Maces & Flails | 4 5 7 8 11 13 16 17 | 17.1
Fighting       | |  4.3

Action                     |  1- 3 |  4- 6 |  7- 9 | 10-12 || total
---------------------------+-------+-------+-------+-------++-------
  Melee: Mace              |    40 |    60 |    47 |       ||   147
         Headbutt          |     5 |     4 |    27 |    42 ||    78
         Punch             |       |     1 |       |     4 ||     5
         Flail             |       |       |   152 |   268 ||   420
   Cast: Scorch            |    24 |    39 |    59 |    50 ||   172
 Invoke: Fiery Armour      |     1 |       |     1 |     1 ||     3
  Evoke: Wand              |       |       |     2 |     4 ||     6
    Use: Potion            |     1 |       |     1 |     1 ||     3
         Scroll            |       |       |     5 |     3 ||     8
 Armour: Robe              |    32 |    52 |   206 |   201 ||   491
  Dodge: Dodged            |    26 |    35 |   110 |   185 ||   356
  Block: Other             |       |       |       |    18 ||    18

Table legend: (Time is in decaauts)
 A = Elapsed time spent in this place.
 B = Non-inter-level travel time spent in this place.
 C = Inter-level travel time spent in this place.
 D = Time resting spent in this place.
 E = Time spent auto-exploring this place.
 F = Levels seen in this place.
 G = Mean time per level.
                   A        B        C        D        E       F      G
               +--------+--------+--------+--------+--------+-----+--------+
         Total |  12880 |  12636 |    244 |   3159 |   7752 |  11 | 1170.9 |
       Dungeon |  12880 |  12636 |    244 |   3159 |   7752 |  11 | 1170.9 |
               +--------+--------+--------+--------+--------+-----+--------+

Top non-repeatable levels by time:
     D:6: 1643 daAuts
     D:9: 1605 daAuts
     D:8: 1584 daAuts
    D:10: 1537 daAuts
     D:7: 1476 daAuts
     D:1: 1236 daAuts
     D:3: 983 daAuts
     D:5: 893 daAuts
     D:4: 762 daAuts
     D:2: 718 daAuts
    D:11: 438 daAuts
